 Dungeon Crawl Stone Soup version 0.29.1-4-g47bece8355 (webtiles) character file.

Game seed: 4359668429902788541

107 GigaChad the Trooper (level 4, -1/41 HPs)
             Began as a Hill Orc Fighter on Dec 7, 2022.
             Was an Initiate of Trog.
             Slain by a kobold brigand
             ... wielding a +1 dagger of venom
              (3 damage)
             ... on level 3 of the Dungeon.
             The game lasted 00:03:26 (2155 turns).

GigaChad the Trooper (Hill Orc Fighter)             Turns: 2155, Time: 00:03:26

Health: -1/41      AC:  7    Str: 20    XL:     4   Next: 85%
Magic:  1/1        EV:  6    Int: 12    God:    Trog [......]
Gold:   112        SH:  4    Dex: 10    Spells: 3/3 levels left

rFire   . . .      SeeInvis .   i - +6 spear "Yjiegeti" {antimagic, +Blink Int+4}
rCold   . . .      Faith    .   c - +0 buckler
rNeg    . . .      Spirit   .   b - +0 scale mail
rPois   .          Reflect  .   (no helmet)
rElec   .          Harm     .   (no cloak)
rCorr   .          Rampage  .   (no gloves)
Will    .....                   (no boots)
Stlth   ..........              (no amulet)
HPRegen 0.13/turn               (no ring)
MPRegen 0.07/turn               (no ring)

@: lethally poisoned (-1 -> -21), constricted
A: no striking features
a: Renounce Religion, Evoke Blink


You were on level 3 of the Dungeon.
You worshipped Trog.
Trog was noncommittal.
You visited 1 branch of the dungeon, and saw 3 of its levels.

You collected 112 gold pieces.

Inventory:

Hand Weapons
 a - a +0 war axe
 i - the +6 spear "Yjiegeti" (weapon) {antimagic, +Blink Int+4}
   (You took it off a kobold on level 2 of the Dungeon)

   It reduces the magical energy of the wielder, and disrupts the spells and
   magical abilities of those it strikes.
   Natural abilities and divine invocations are not affected.
   Int:       It affects your intelligence (+4).
   +Blink:    It lets you blink.
Armour
 b - a +0 scale mail (worn)
 c - a +0 buckler (worn)
Scrolls
 e - 3 scrolls of identify {unknown}
 g - a scroll of blinking {unknown}
 j - 2 scrolls of butterflies {unknown}
 k - a scroll of poison {unknown}
 l - a scroll of summoning {unknown}
 n - 2 scrolls of vulnerability {unknown}
 p - a scroll of enchant armour {unknown}
Potions
 d - a potion of might
 f - a potion of degeneration {unknown}
 h - 2 potions of cancellation {unknown}
 m - a potion of flight {unknown}
 o - a potion of heal wounds {unknown}


   Skills:
 + Level 4.4 Fighting
 - Level 3.3(3.7) Axes
 * Level 2.1(2.8) Polearms
 + Level 4.1 Armour
 - Level 0.1 Dodging
 + Level 3.7 Shields


You had 3 spell levels left.
You didn't know any spells.
Your spell library contained the following spells:

 Spells                   Type           Power      Damage    Failure   Level
 Necrotise                Necr           0%         1d4       77%         1
 Slow                     Hex            0%         N/A       77%         1
 Confusing Touch          Hex            0%         N/A       98%         3
 Dazzling Flash           Conj/Hex       0%         N/A       98%         3
 Ozocubu's Armour         Ice            0%         N/A       98%         3
 Vampiric Draining        Necr           0%         2d6       98%         3
 Agony                    Necr           0%         N/A       100%        5
 Silence                  Hex/Air        0%         N/A       100%        5
 Ozocubu's Refrigeration  Ice            0%         4d7       100%        7


Dungeon Overview and Level Annotations

Branches:
Dungeon (3/15)

Altars:
Dithmenos
Ru
Trog
Vehumet


Message History

The hound is moderately wounded.
You feel sick. The hound bites you but does no damage.
You block the ball python's attack. The ball python constricts you.
The hound bites you.
The kobold brigand hits you but does no damage.
You are more poisoned.
You hit the hound.
The hound is heavily wounded.
You feel very sick. You block the hound's attack. The ball python bites you.
The ball python constricts you.
The kobold brigand hits you but does no damage.
You are lethally poisoned!
The hound bites you.
You hit the hound but do no damage.
The hound is heavily wounded.
You feel very sick. The ball python barely misses you.
The ball python constricts you.
The hound pauses to sniff the ground.
The hound bites you. You block the kobold brigand's attack.
The ball python bites you but does no damage.
The ball python constricts you.
You escape the ball python's grasp.
* * * LOW HITPOINT WARNING * * *
You feel very sick. The hound barely misses you.
The kobold brigand hits you with a +1 dagger of venom.
* * * LOW HITPOINT WARNING * * *
You are more poisoned.
Unknown command.
You puncture the kobold brigand!
The kobold brigand is moderately wounded.
* * * LOW HITPOINT WARNING * * *
You feel very sick. The hound completely misses you.
You block the ball python's attack. The ball python grabs you.
The ball python constricts you.
* * * LOW HITPOINT WARNING * * *
The hound barely misses you.
The kobold brigand hits you with a +1 dagger of venom.
You die...

(.#+#.....# ##.
. ##....# ####'
#....# #...†
##..## #.... ..
#...# #..). ...
#...# #####
..#########..#
#.#=....Kh#..#
#.#?....@)'..#
#.#[.....S#..#
#.#########..#
##..'.....#...#
#...#....)#...#
#.#.#######..##
#.#..#.(.#...#
#.##.##.##...#
##.##..#)#...##


You could see a kobold brigand, a hound and a ball python.

Vanquished Creatures
  Terence (D:2)
  A gnoll (D:3)
  2 adders (D:3)
  An orc (D:3)
  4 bats
  5 endoplasms
  A giant cockroach (D:2)
  5 goblins
  3 hobgoblins
  5 jackals
  5 quokkas
  3 ball pythons
  2 frilled lizards
  3 kobolds
  8 rats
49 creatures vanquished.

Vanquished Creatures (others)
  4 plants (D:1)
4 creatures vanquished.

Grand Total: 53 creatures vanquished

Notes
Turn   | Place    | Note
-------+----------+-------------------------------------------
     0 | D:1      | GigaChad the Hill Orc Fighter began the quest for the Orb.
     0 | D:1      | Reached XP level 1. HP: 19/19 MP: 1/1
   209 | D:1      | Reached XP level 2. HP: 25/27 MP: 2/2
   636 | D:2      | Reached XP level 3. HP: 33/33 MP: 3/3
   741 | D:2      | Identified the +6 spear "Yjiegeti" {antimagic, +Blink
                  | Int+4}
   970 | D:2      | Found a faded altar of an unknown god.
  1070 | D:2      | Noticed Terence
  1078 | D:2      | Killed Terence
  1079 | D:2      | Reached skill level 1 in Polearms
  1079 | D:2      | Reached XP level 4. HP: 37/40 MP: 1/4
  1424 | D:3      | Found a shadowy altar of Dithmenos.
  1683 | D:3      | Found a faded altar of an unknown god.
  1683 | D:3      | Found a radiant altar of Vehumet.
  1691 | D:3      | Found a sacrificial altar of Ru.
  1693 | D:3      | Found a faded altar of an unknown god.
  1695 | D:3      | Found a bloodstained altar of Trog.
  1699 | D:3      | Became a worshipper of Trog the Wrathful
  2144 | D:3      | Noticed a kobold brigand
  2155 | D:3      | HP: 2/41 [constriction (1)]
  2155 | D:3      | Slain by a kobold brigand

Illustrated notes

Levels and vault maps discovered:
D:1:      evilmike_arrival_plus, layout_basic, dreamdust_princess_bridge,
          chequers_serial_rivers_micro_c, serial_bayou_pond_b, st_stairs_13,
          minmay_tetromino_i2
D:2:      layout_loops_ring, shapermc_ecumenical_altar_notcrosses, uniq_terence
D:3:      layout_basic, mainiacjoe_overflow_24_doors,
          chequers_temple_overflow_minitemple, minmay_divided_ellipse

Skill      XL: |  1  2  3  4 |
---------------+-------------+-----
Fighting       | 4 |  4.4
Axes           | 3 |  3.3
Polearms       | 1 2 |  2.1
Armour         | 4 |  4.1
Dodging        | |  0.1
Shields        | |  3.7

Action                   |  1- 3 |  4- 6 || total
-------------------------+-------+-------++-------
Melee: War axe           |    75 |       ||    75
       Spear             |    26 |    39 ||    65
Armor: Scale mail        |    40 |    30 ||    70
Dodge: Dodged            |    66 |    27 ||    93
Block: Buckler           |    31 |    14 ||    45
